AoeStats
← Blasius

Four Lakes

510132763Analyzed
1v1 RM · 2d ago on Sep 29, 2026· 33m 27s· 2 players
Game mode
Random Map
Map size
Tiny (2 player)
Population
200
Speed
Normal
Resources
Standard
Victory
Conquest
Starting age
Dark Age
Ending age
Imperial Age
RankedLock teamsTeams togetherTeam positionsShared explorationLock speedFull tech treeHidden civsTurbo modeCheats
Victory
Defeat
🇧🇪 Franks · Belgium
1112
+14
🇦🇹 Bulgarians · Austria
1069
-14
Blasius
3:10 Loom
12:10 Feudal Age
17:40 Castle Age
19:02 Wheelbarrow
24:05 Fletching
25:41 Murder Holes
28:34 Bodkin Arrow
32:34 Forging
32:45 Hand Cart
papatheocari
1:49 Loom
9:48 Feudal Age
10:41 Double-Bit Axe
18:00 Fletching
22:33 Castle Age
22:02 Forging
22:28 Scale Barding Armor
27:57 Murder Holes
Connection lost

Rejoining the realm…

Still unreachable

The connection could not be restored.

Session expired

The server has moved on; the page needs a fresh start.